 Dungeon Crawl Stone Soup version 0.15.1-3-g1b33baa (webtiles) character file.

7663 Kex the Nimble (level 10, -1/115 HPs)
             Began as a Red Draconian Transmuter on Oct 5, 2014.
             Was a Priest of Qazlal.
             Slain by Alarkh's ghost (3 damage)
             ... in an ice cave.
             The game lasted 01:07:10 (14036 turns).

Kex the Nimble (Red Draconian Transmuter)          Turns: 14036, Time: 01:07:10

HP  -1/115       AC 26     Str 11      XL: 10   Next: 99%
MP   0/18        EV  2     Int 14      God: Qazlal [***...]
Gold 665         SH  3     Dex 14      Spells:  3 memorised,  9 levels left

rFire  . . .     SeeInvis .     u - +2 trident (venom)
rCold  . . .     Clarity  .     (armour unavailable)
rNeg   + + +     rCorr    .     (no shield)
rPois  +         rRot     .     I - +1 hat
rElec  .         Spirit   +     B - melded +0 cloak
SustAb +         Warding  .     (gloves currently unavailable)
rMut   .         NoTele   +     s - melded +2 pair of boots
Gourm  .                        o - amulet of guardian spirit
MR     .....                    (no ring)
                                l - ring of sustain abilities

@: tree-form (expiring), very slightly contaminated, drained, not resistant to
hostile enchantments, unstealthy
A: (breathe fire), unfitting armour, (hooves 0), blurry vision 1, (fire
resistance 0), frail 1, low mp 1, sense surroundings 1, weak 1, (cold-blooded),
AC +7
a: Upheaval, Elemental Force, Renounce Religion


You were in an ice cave.
You worshipped Qazlal.
Qazlal was most pleased with you.
You were very hungry.
You were an animated tree.
You visited 2 branches of the dungeon, and saw 12 of its levels.
You also visited: Sewer and Ice Cave.

You collected 665 gold pieces.

Inventory:

Hand weapons
 u - a +2 trident of venom (weapon)
Missiles
 b - 97 arrows
 e - 13 arrows of flame
Armour
 s - a +2 pair of boots (melded)
 B - a +0 cloak (melded)
 I - a +1 hat (worn)
Comestibles
 a - 4 bread rations
 t - a beef jerky
 A - 5 fruits
 D - 2 rotting chunks of giant frog flesh
 H - 3 meat rations
Scrolls
 c - 2 scrolls of fear
 f - 5 scrolls of recharging
 g - 3 scrolls of blinking
 j - 3 scrolls of amnesia
 m - 3 scrolls of magic mapping
 p - a scroll of holy word {unknown}
 v - 9 scrolls of remove curse
 w - a scroll of enchant armour {unknown}
 x - 2 scrolls of teleportation {unknown}
 y - a scroll of noise {unknown}
 z - 3 scrolls of enchant weapon
 E - a scroll of fog
 L - a scroll of acquirement {unknown}
Jewellery
 l - a ring of sustain abilities (left branch)
 o - an amulet of guardian spirit (around neck)
 q - an uncursed ring of wizardry
 N - an uncursed amulet of resist mutation
Potions
 h - a potion of haste
 i - a potion of resistance
 n - 3 potions of brilliance
 r - a potion of restore abilities
Books
 d - a book of Changes

   Spells                             Type                      Level
   *Beastly Appendage                 Transmutation                1
   Sticks to Snakes                   Transmutation                2
   *Spider Form                       Transmutation/Poison         3
   Ice Form                           Ice/Transmutation            4
   *Blade Hands                       Transmutation                5
 M - a book of Geomancy

   Spells                             Type                      Level
   Sandblast                          Earth                        1
   Stoneskin                          Transmutation/Earth          2
   Passwall                           Transmutation/Earth          3
   Stone Arrow                        Conjuration/Earth            3
   Petrify                            Transmutation/Earth          4
   Lee's Rapid Deconstruction         Earth                        5


   Skills:
 + Level 7.0 Fighting
 + Level 5.4(5.3) Polearms
 + Level 9.0(8.9) Dodging
 + Level 2.5(2.4) Stealth
 + Level 6.0(5.9) Unarmed Combat
 + Level 4.6(4.5) Spellcasting
 * Level 8.3(8.2) Transmutations
 - Level 1.1(1.0) Poison Magic
 + Level 0.7(0.6) Invocations


You had 9 spell levels left.
You knew the following spells:

 Your Spells              Type           Power        Failure   Level  Hunger
a - Beastly Appendage     Trmt           ####..       1%          1    None
b - Spider Form           Trmt/Pois      ###.......   10%         3    ###....
c - Blade Hands           Trmt           ####......   21%         5    #####..


Dungeon Overview and Level Annotations

Branches:
Dungeon (11/15)            Temple (1/1) D:6            Lair (0/8) D:9
    Orc: D:9-12

Altars:
Ashenzari
Cheibriados
Dithmenos
Elyvilon
Fedhas
Kikubaaqudgha
Makhleb
Nemelex Xobeh
Okawaru
Qazlal
Sif Muna
Trog
Vehumet
Xom
Yredelemnul
Zin
The Shining One

Shops:
D:4 [   D:5 (   D:6 %

Annotations:
IceCv Alarkh's ghost, powerful OgWz


Innate Abilities, Weirdness & Mutations

((You can breathe blasts of fire.))
((Your fiery red scales are hard (AC +7).))
Your body does not fit into most forms of armour.
((Your flesh is heat resistant.))
((Your cold-blooded metabolism reacts poorly to cold.))
((You have large cloven feet.))
Your vision is a little blurry.
You are frail (-10% HP).
Your magical capacity is low (-10% MP).
You passively map a small area around you.
You are weak. (Str -2)


Message History

Drink which item? (? for menu, Esc to quit)
Okay, then.
Your hearing returns.
The ice beast is engulfed in roaring flames.
The ice beast hits you but does no damage.
The ice beast is engulfed in roaring flames.
You kill the ice beast!
Qazlal accepts your kill.
Your Dodging skill increases to level 9!
You feel yourself slow down.
Alarkh's ghost is engulfed in roaring flames.
Alarkh's ghost hits you but does no damage.
Alarkh's ghost is engulfed in roaring flames.
Alarkh's ghost hits you!
* * * LOW HITPOINT WARNING * * *
You cannot move.
You cannot move.
You cannot move.
Alarkh's ghost hits you.
You die...

#### ### ##..##
*
##..#####....##
,
#....##.......#
,#.....♣W∩.∩.#
, ##...§......#
* #....##....##
, #.######..##
, , #.# #### ##
* *,,


You could see Alarkh's ghost.

Vanquished Creatures
  The ghost of SolBianca the Fighter, an experienced MiFi of the Shining One (D:6)
  The ghost of Chiseanne the Magician, an experienced DsWn (D:5)
  3 trolls (D:9)
  A two-headed ogre (D:8)
  A hungry ghost (D:6)
  A hill giant skeleton (D:9)
  3 orc warriors
  4 ice beasts
  Purgy (D:3)
  A phantom (D:10)
  2 sky beasts (D:7)
  3 yellow wasps (D:10)
  A manticore skeleton (D:10)
  A black bear (D:10)
  6 centaurs
  5 ogres
  Sigmund (D:5)
  A crocodile (Sewer)
  4 giant frogs
  4 big kobolds
  3 killer bees (D:9)
  2 scorpions
  A hippogriff zombie (D:7)
  A troll skeleton (D:9)
  15 wights
  A hippogriff skeleton (D:7)
  6 crimson imps
  A goliath beetle (D:6)
  6 orc priests
  4 jellies
  A quasit (D:8)
  5 hounds
  3 iguanas
  A giant frog skeleton (D:4)
  5 orc wizards
  5 worker ants
  Ijyb (D:2)
  A big kobold zombie (D:6)
  A sky beast zombie (D:9)
  A worker ant zombie (D:7)
  Terence (D:2)
  A hound skeleton (D:5)
  11 gnolls
  11 adders
  12 white imps (D:11)
  2 giant mites
  2 shadow imps
  3 worms
  An adder skeleton (D:6)
  An adder zombie (D:5)
  5 orc skeletons
  3 giant geckos
  2 oozes
  33 orcs
  3 ball pythons
  5 giant cockroaches
  16 goblins
  14 hobgoblins
  13 jackals
  8 quokkas
  17 bats
  5 giant newts
  A goblin skeleton (D:4)
  31 kobolds
  11 rats
321 creatures vanquished.

Vanquished Creatures (collateral kills)
  2 ice beasts (IceCv)
2 creatures vanquished.

Vanquished Creatures (others)
  A fire elemental (IceCv)
  A kobold (D:4)
2 creatures vanquished.

Grand Total: 325 creatures vanquished

Notes
Turn   | Place    | Note
--------------------------------------------------------------
     0 | D:1      | Kex, the Draconian Transmuter, began the quest for the Orb.
     0 | D:1      | Reached XP level 1. HP: 16/16 MP: 3/3
   134 | D:1      | Reached XP level 2. HP: 23/23 MP: 2/4
  1149 | D:2      | Noticed Ijyb
  1170 | D:2      | Killed Ijyb
  1170 | D:2      | Reached XP level 3. HP: 18/28 MP: 4/6
  1331 | D:2      | Found an ancient bone altar of Kikubaaqudgha.
  1337 | D:2      | Noticed Terence
  1608 | D:2      | Found a sparkling altar of Nemelex Xobeh.
  1722 | D:2      | Reached XP level 4. HP: 32/35 MP: 8/8
  1769 | D:2      | Learned a level 3 spell: Spider Form
  1788 | D:2      | Killed Terence
  2067 | D:3      | Found a bloodstained altar of Trog.
  2104 | D:3      | Noticed Purgy
  2123 | D:3      | Killed Purgy
  2123 | D:3      | Reached XP level 5. HP: 20/41 MP: 1/10
  2128 | D:3      | Reached skill level 4 in Unarmed Combat
  2325 | D:3      | Found a shadowy altar of Dithmenos.
  2442 | D:3      | Reached skill level 1 in Poison Magic
  2442 | D:3      | Reached XP level 6. HP: 43/48 MP: 9/11
  2639 | D:3      | Noticed an ogre
  2660 | D:3      | Killed an ogre
  3164 | D:3      | Reached skill level 1 in Stealth
  3483 | D:4      | Found Aghaahut's Armour Shoppe.
  4232 | D:4      | Your scales start taking on a fiery red colour.
  4232 | D:4      | Gained mutation: Your flesh is heat resistant. [draconian maturity]
  4232 | D:4      | Reached XP level 7. HP: 54/56 MP: 14/14
  4421 | D:4      | Found a white marble altar of Elyvilon.
  4476 | D:4      | Found a glowing golden altar of the Shining One.
  4478 | D:4      | Noticed an angel
  4498 | D:4      | Found a basalt altar of Yredelemnul.
  4499 | D:4      | Noticed a profane servitor
  4538 | D:5      | Entered Level 5 of the Dungeon
  4654 | D:5      | Noticed Sigmund
  4670 | D:5      | Killed Sigmund
  5026 | D:5      | Noticed Chiseanne's ghost (experienced DsWn)
  5079 | D:5      | Killed Chiseanne's ghost
  5079 | D:5      | Reached skill level 5 in Transmutations
  5285 | D:5      | Reached XP level 8. HP: 59/63 MP: 17/17
  5335 | D:5      | Found Waleagit's Antique Weapon Boutique.
  5845 | D:6      | Found Ciuredianu's Food Boutique.
  5904 | D:6      | Found a glowing drain.
  5922 | Sewer    | Entered a sewer
  6046 | Sewer    | Reached skill level 5 in Dodging
  6046 | Sewer    | Reached skill level 5 in Unarmed Combat
  6732 | D:6      | Found a staircase to the Ecumenical Temple.
  6763 | Temple   | Entered the Ecumenical Temple
  6820 | Temple   | Became a worshipper of Qazlal Stormbringer
  6895 | D:6      | Reached skill level 6 in Transmutations
  6941 | D:7      | Gained mutation: You are robust (+10% HP). [potion of mutation]
  6941 | D:7      | Gained mutation: Your muscles are strong. (Str +2) [potion of mutation]
  6945 | D:7      | Lost mutation: Your muscles are strong. (Str +2) [potion of cure mutation]
  6945 | D:7      | Lost mutation: You are robust (+10% HP). [potion of cure mutation]
  7186 | D:7      | Learned a level 5 spell: Blade Hands
  7516 | D:7      | Reached XP level 9. HP: 49/71 MP: 10/19
  7527 | D:7      | Acquired Qazlal's first power
  7885 | D:7      | Reached skill level 1 in Polearms
  8367 | D:7      | Reached skill level 5 in Fighting
  8485 | D:6      | Reached skill level 7 in Transmutations
  8709 | D:6      | Acquired Qazlal's second power
  8807 | D:6      | Noticed SolBianca's ghost (experienced MiFi)
  9131 | D:6      | Gained mutation: Your magical capacity is low (-10% MP). [mutagenic glow]
  9161 | D:5      | Gained mutation: Your vision is a little blurry. [mutagenic glow]
  9199 | D:5      | Gained mutation: You are frail (-10% HP). [mutagenic glow]
  9229 | D:5      | Gained mutation: You passively map a small area around you. [mutagenic glow]
  9234 | D:5      | Gained mutation: You are weak. (Str -2) [potion of mutation]
  9234 | D:5      | Gained mutation: You have large cloven feet. [potion of mutation]
  9257 | D:6      | Killed SolBianca's ghost
  9478 | D:6      | Found a radiant altar of Vehumet.
  9737 | D:5      | Reached XP level 10. HP: 74/74 MP: 18/18
  9941 | D:8      | Found a shattered altar of Ashenzari.
 11643 | D:9      | Reached skill level 8 in Dodging
 11863 | D:9      | Acquired Qazlal's third power
 12828 | D:9      | Found a staircase to the Lair.
 12908 | D:10     | Entered Level 10 of the Dungeon
 12946 | D:10     | Reached skill level 5 in Polearms
 13495 | D:10     | Paralysed by a yellow wasp for 2 turns
 13966 | D:11     | Found a frozen archway.
 13973 | IceCv    | Entered an ice cave
 13989 | IceCv    | Noticed Alarkh's ghost (powerful OgWz)
 14030 | IceCv    | Reached skill level 9 in Dodging
 14035 | IceCv    | HP: 2/115 [Alarkh's ghost (8)]
 14036 | IceCv    | Slain by Alarkh's ghost

Action                   |  1- 3 |  4- 6 |  7- 9 | 10-12 || total
-------------------------+-------+-------+-------+-------++-------
Melee: Unarmed           |   147 |   230 |   415 |    12 ||   804
       Trident           |       |       |   234 |   459 ||   693
 Cast: Beastly Appendage |    21 |    20 |    21 |     7 ||    69
       Spider Form       |       |     9 |    17 |     2 ||    28
Invok: Elemental Force   |       |       |       |     3 ||     3
       Upheaval          |       |       |       |     1 ||     1
 Abil: Breathe Fire      |       |       |     5 |     4 ||     9
Evoke: Wand              |       |       |     2 |     2 ||     4
  Use: Scroll            |       |     5 |     8 |     8 ||    21
       Potion            |       |       |    13 |     2 ||    15
 Stab: Sleeping          |       |     1 |     2 |       ||     3
  Eat: Chunk             |     3 |    10 |    15 |    11 ||    39
       Meat ration       |       |       |     2 |       ||     2
       Pizza             |       |       |     1 |       ||     1
       Beef jerky        |       |       |       |     1 ||     1
